 Dungeon Crawl Stone Soup version 0.31-a0-1074-g0b22e4e0f1 (webtiles) character file.

Game seed: 312098670905536519

4 Tauromancer the Shield-Bearer (level 1, -3/18 HPs)
             Began as a Formicid Fighter on Dec 7, 2023.
             Frozen to death by an endoplasm (5 damage)
             ... on level 1 of the Dungeon.
             The game lasted 00:03:04 (165 turns).

Tauromancer the Shield-Bearer (Formicid Fighter)     Turns: 165, Time: 00:03:05

Health: -3/18      AC:  6    Str: 20    XL:     1   Next: 77%
Magic:  1/1        EV:  9    Int:  7    God:
Gold:   0          SH:  5    Dex: 13    Spells: 0/0 levels left

rFire   . . .        a - +0 quarterstaff
rCold   . . .        c - +0 buckler
rNeg    . . .        b - +0 scale mail
rPois   .            (helmet unavailable)
rElec   .            (no cloak)
rCorr   .            (no gloves)
SInv    +            (no boots)
Will    .....        (no amulet) Stlth
                     (no ring)
HPRegen 0.23/turn    (no ring)
MPRegen 0.07/turn

%: no passive effects
@: no status effects
A: permanent stasis, dig shafts and tunnels, antennae 3, four strong arms
a: Dig, Shaft Self


You were on level 1 of the Dungeon.
You visited 1 branch of the dungeon, and saw 1 of its levels.

Inventory:

Hand Weapons
 a - a +0 quarterstaff (weapon)
Armour
 b - a +0 scale mail (worn)
 c - a +0 buckler (worn)
Potions
 d - a potion of might
 e - a potion of haste {unknown}


   Skills:
 + Level 3.3 Fighting
 + Level 0.3(1.2) Maces & Flails
 - Level 2.0 Staves
 + Level 3.3 Armour
 + Level 4.1 Shields


You couldn't memorise any spells.
You didn't know any spells.
Your spell library was empty.

Dungeon Overview and Level Annotations

Branches:
Dungeon (1/15)

Altars:


Innate Abilities, Weirdness & Mutations

You cannot be hasted, slowed, berserked, paralysed or teleported.
You can dig through walls and to a lower floor.
You have a pair of large antennae on your head. (SInv)
Your four strong arms can wield two-handed weapons with a shield.


Message History

An endoplasm comes into view.
The endoplasm quivers.
You hit the endoplasm.
The endoplasm is lightly wounded.
The endoplasm hits you but does no damage.
The endoplasm closely misses you.
You hit the endoplasm.
You kill the endoplasm!
No target in view!
No target in view!
You sense a monster nearby.
No target in view!
You open the door.
There is an open door here.
As you open the door, it creaks loudly!
There is an open door here.
Found 2 poisoned darts.
A rat comes into view. 2 endoplasms come into view.
The endoplasm quivers. x2
You block the rat's attack.
A hobgoblin comes into view.
You closely miss the rat. The rat closely misses you.
You completely miss the rat. The rat bites you. The endoplasm freezes you.
You are frozen.
You hit the rat.
The rat is heavily wounded.
The rat bites you but does no damage. You block the endoplasm's attack.
You barely miss the rat.
The rat is heavily wounded.
The rat bites you. The endoplasm hits you. The endoplasm freezes you.
You are frozen.
The endoplasm freezes you.
You are frozen.
* * * LOW HITPOINT WARNING * * *
The endoplasm freezes you.
You are frozen.
You die...

#......#.
#...#########......>.
#........... #.....##
#........... #.....##
.......... ###....# {
,,....(..# ###....#..
#......##♣)#....###
######+#######grJ...##.....###
#
#.PP#...#.P.##.@J...##.......#
#
#...#...#PP.###.########.#...#
# #PP.#...#.P.# #.# #....####
# #####...##### #.# ####....#
# #...........###.# #...#.###
+...........'...# #.......#
#...........###.# ###.....#
#####...##### #.# #....#.♣#
#...#...#.Pb# #.###....###


You could see 2 endoplasms, a hobgoblin and a rat.

Vanquished Creatures
  A bat (D:1)
  An endoplasm (D:1)
  A goblin (D:1)
  A rat (D:1)
4 creatures vanquished.

Notes
Turn   | Place    | Note
-------+----------+-------------------------------------------
     0 | D:1      | Tauromancer the Formicid Fighter began the quest for the
                  | Orb.
     0 | D:1      | Reached XP level 1. HP: 18/18 MP: 1/1
   165 | D:1      | Frozen to death by an endoplasm

Illustrated notes

Levels and vault maps discovered:
D:1:      dpeg_arrival_oval, layout_basic, serial_aquarium,
          aquarium_bridge_long_separate [aquarium_subvault_bridge,
          aquarium_subvault_bridge, aquarium_subvault_bridge,
          aquarium_subvault_bridge, aquarium_subvault_bridge,
          aquarium_subvault_window], aquarium_window_fake,
          aquarium_window_corner, aquarium_view_2a, aquarium_balcony_3b,
          aquarium_pool_four, hangedman_decor_push, hex_intersection

Action                     || total
---------------------------++-------
  Melee: Quarterstaff      ||    21
Ability: Dig               ||     2
 Armour: Scale mail        ||     7
  Dodge: Dodged            ||     7
  Block: Buckler           ||     2

Table legend: (Time is in decaauts)
 A = Elapsed time spent in this place.
 B = Non-inter-level travel time spent in this place.
 C = Inter-level travel time spent in this place.
 D = Time resting spent in this place.
 E = Time spent auto-exploring this place.
 F = Levels seen in this place.
 G = Mean time per level.
                   A        B        C        D        E       F      G
               +--------+--------+--------+--------+--------+-----+--------+
         Total |    169 |    169 |      0 |      0 |    103 |   1 |  169.0 |
       Dungeon |    169 |    169 |      0 |      0 |    103 |   1 |  169.0 |
               +--------+--------+--------+--------+--------+-----+--------+

Top non-repeatable levels by time:
     D:1: 169 daAuts
